 Dungeon Crawl Stone Soup version 0.31-a0-574-g69dc8cc98e (webtiles) character file.

Game seed: 12690208514614641612

105 Turgor the Changeling (level 4, 0/34 HPs)
             Began as a Merfolk Shapeshifter on Aug 18, 2023.
             Slain by Natasha (6 damage)
             ... on level 2 of the Dungeon.
             The game lasted 00:03:16 (1159 turns).

Turgor the Changeling (Merfolk Shapeshifter)        Turns: 1159, Time: 00:03:17

Health: 0/34       AC:  2    Str: 15    XL:     4   Next: 81%
Magic:  4/4        EV: 13    Int:  9    God:
Gold:   108        SH:  0    Dex: 14    Spells: 3/3 levels left

rFire   . .          .
                       - Unarmed
rCold   . . .        (no shield)
rNeg    . . .        a - +0 animal skin
rPois   .            (helmet currently unavailable)
rElec   .            (cloak currently unavailable)
rCorr   .            (gloves currently unavailable)
SInv    .            (boots currently unavailable)
Will    .....        (no amulet)
Stlth   +            (no ring)
HPRegen 0.25/turn    (no ring)
MPRegen 0.09/turn

%: no passive effects
@: beast-form
A: beast (slay +3), (nimble swimmer 2), mertail
a: Begin Untransformation


You were on level 2 of the Dungeon.
You were a hulking beast.
You visited 1 branch of the dungeon, and saw 2 of its levels.

You collected 108 gold pieces.

Inventory:

Armour
 a - a +0 animal skin (worn)
 m - a +0 pair of boots
Talismans
 c - a beast talisman (active)
 d - a flux talisman
Scrolls
 f - a scroll of vulnerability {unknown}
 g - a scroll of acquirement {unknown}
 h - a scroll of poison {unknown}
 i - a scroll of blinking {unknown}
 j - a scroll of identify {unknown}
Potions
 b - 2 potions of lignification
 e - a potion of berserk rage {unknown}
 k - a potion of invisibility {unknown}
 l - a potion of attraction {unknown}


   Skills:
 + Level 2.3 Fighting
 + Level 3.7 Dodging
 + Level 3.9 Unarmed Combat
 * Level 5.0 Shapeshifting


You had 3 spell levels left.
You didn't know any spells.
Your spell library was empty.

Dungeon Overview and Level Annotations

Branches:
Dungeon (2/15)

Altars:

Annotations:
D:2 Natasha


Innate Abilities, Weirdness & Mutations

You are a hulking beast.
Your limbs bulge with bestial killing power. (Slay +3)
((You are very nimble when in or above water. (Stealth+, EV+, Speed+++)))
Your lower body shifts to a powerful aquatic tail in water.


Message History

You hit the hobgoblin.
The hobgoblin is moderately wounded.
The hobgoblin barely misses you.
You barely miss the hobgoblin.
The hobgoblin is moderately wounded.
The hobgoblin misses you.
You hit the hobgoblin.
You kill the hobgoblin!
You hit the endoplasm but do no damage.
Natasha, Servant of Life and Death comes into view.
The endoplasm misses you.
You punch the adder!
You kill the adder!
The endoplasm hits you.
You hit Natasha.
Natasha is moderately wounded.
The endoplasm barely misses you. Natasha claws you!
You closely miss Natasha.
Natasha is moderately wounded.
The endoplasm hits you but does no damage.
Natasha closely misses you.
You closely miss Natasha.
Natasha is moderately wounded.
The endoplasm misses you. Natasha claws you.
You hit Natasha.
Natasha is heavily wounded.
The endoplasm freezes you.
You are frozen.
Natasha claws you.
* * * LOW HITPOINT WARNING * * *
You hit the endoplasm. You punch the endoplasm.
You kill the endoplasm!
You barely miss Natasha.
Natasha is heavily wounded.
Natasha claws you.
* * * LOW HITPOINT WARNING * * *
You hit Natasha.
Natasha is heavily wounded.
Natasha claws you.
You die...
Natasha curls up and begins to purr.

#.# ### #.# #..
#.# #.# .# #.#
#.# .#
#########.## #.#
.# ...........#
#.# (#
#########..####.#
.# #.....##.##.#
#.###....h#.####
#.# #..#.#h....#
#.#
#....#.†.#....
#......###..!...
. #######.
.##.#### .## ..
.# ##. .# .. #.#
..


You could see Natasha.

Vanquished Creatures
  Natasha (twice) (D:2)
  An adder (D:2)
  A worm (D:2)
  A dart slug (D:1)
  8 endoplasms
  2 giant cockroaches (D:2)
  3 goblins (D:1)
  2 hobgoblins
  5 ball pythons
  5 bats (D:1)
  5 frilled lizards
  3 kobolds (D:1)
  4 rats
42 creatures vanquished.

Notes
Turn   | Place    | Note
-------+----------+-------------------------------------------
     0 | D:1      | Turgor the Merfolk Shapeshifter began the quest for the
                  | Orb.
     0 | D:1      | Reached XP level 1. HP: 15/15 MP: 1/1
   110 | D:1      | Reached XP level 2. HP: 21/21 MP: 2/2
   481 | D:1      | Reached XP level 3. HP: 26/27 MP: 3/3
   783 | D:2      | Noticed Natasha
   794 | D:2      | Killed Natasha
   830 | D:2      | Reached XP level 4. HP: 27/33 MP: 4/4
   936 | D:2      | Noticed Natasha
  1006 | D:2      | Killed Natasha
  1007 | D:2      | Reached skill level 5 in Shapeshifting
  1150 | D:2      | Noticed Natasha
  1159 | D:2      | Slain by Natasha

Illustrated notes

Levels and vault maps discovered:
D:1:      minmay_arrival_up_and_down, layout_loops_ring
D:2:      layout_loops_ring, serial_shops, nicolae_shop_overgrown_old_shop,
          uniq_natasha

Skill      XL: |  1  2  3  4 |
---------------+-------------+-----
Dodging        | 3 |  3.7
Fighting       | 2 |  2.3
Shapeshifting  | 5 |  5.0
Unarmed Combat | |  3.9

Action                     |  1- 3 |  4- 6 || total
---------------------------+-------+-------++-------
  Melee: Unarmed           |    67 |    37 ||   104
         Punch             |     1 |     2 ||     3
   Stab: Sleeping          |     2 |       ||     2
 Armour: Animal skin       |    15 |     2 ||    17
  Dodge: Dodged            |    50 |    12 ||    62

Table legend: (Time is in decaauts)
 A = Elapsed time spent in this place.
 B = Non-inter-level travel time spent in this place.
 C = Inter-level travel time spent in this place.
 D = Time resting spent in this place.
 E = Time spent auto-exploring this place.
 F = Levels seen in this place.
 G = Mean time per level.
                   A        B        C        D        E       F      G
               +--------+--------+--------+--------+--------+-----+--------+
         Total |   1152 |   1105 |     47 |      0 |    840 |   2 |  576.0 |
       Dungeon |   1152 |   1105 |     47 |      0 |    840 |   2 |  576.0 |
               +--------+--------+--------+--------+--------+-----+--------+

Top non-repeatable levels by time:
     D:1: 750 daAuts
     D:2: 401 daAuts
